 Dungeon Sprint DCSS version 0.27-a0-1191-g601b473118 (webtiles) character file.

Game seed: 12748876574741731401

107 Zeld the Cleaver (level 4, 0/39 HPs)
             Began as a Minotaur Berserker on May 24, 2021.
             Was a Follower of Trog.
             Killed from afar by Sigmund (6 damage)
             ... with a puff of flame
             ... in the Dungeon (Sprint I: "Red Sonja").
             The game lasted 00:00:29 (442 turns).

Zeld the Cleaver (Minotaur Berserker)                Turns: 442, Time: 00:00:30

Health: 0/39       AC:  3    Str: 23    XL:     4   Next: 56%
Magic:  3/3        EV: 11    Int:  4    God:    Trog [*.....]
Gold:   54         SH:  0    Dex:  9    Spells: 3/3 levels left

rFire    . . .     SeeInvis .   a - +0 hand axe
rCold    . . .     Faith    .   (no shield)
rNeg     . . .     Spirit   .   b - +0 leather armour
rPois    .         Reflect  .   (helmet restricted)
rElec    .         Harm     .   (no cloak)
rCorr    .         Rampage  .   (no gloves)
Will     .....     NoTele   +   (no boots)
Stlth    ..........             (no amulet)
HPRegen  0.13/turn              (no ring)
MPRegen  0.08/turn              (no ring)

@: confused, on berserk cooldown, slowed, very slow
A: horns 2, retaliatory headbutt
a: Renounce Religion, Berserk


You were in the Dungeon.
You worshipped Trog.
Trog was aware of your devotion.
You visited 1 branch You collected 54 gold pieces.

Inventory:

Hand Weapons
 a - a +0 hand axe (weapon)
Armour
 b - a +0 leather armour (worn)
Scrolls
 h - a scroll of blinking
Potions
 e - a potion of haste
 f - 2 potions of magic
 g - a potion of berserk rage


   Skills:
 - Level 3.6 Fighting
 * Level 11.3 Axes
 - Level 2.4 Armour
 - Level 2.1 Dodging


You had 3 spell levels left.
You didn't know any spells.
Your spell library was empty.

Dungeon Overview and Level Annotations

Branches:
Dungeon (1/1)

Altars:

Annotations:
D Sigmund


Innate Abilities, Weirdness & Mutations

You have a pair of horns on your head.
You reflexively headbutt those who attack you in melee.


Message History

You feel a strong urge to attack something.
Sigmund points at you and mumbles some strange words.
You are confused.
There is an open door here.
Sigmund points at you and mumbles some strange words.
You resist with some effort.
You bump into the rock wall.
You feel your anger nearly subside.
You are no longer berserk.
You pass out from exhaustion.
You feel yourself slow down.
Sigmund hits you from afar with a +0 scythe.
Sigmund hits you from afar with a +0 scythe!
Sigmund hits you from afar with a +0 scythe.
You can move again.
Okay, then.
You feel much better.
You feel less confused.
Sigmund hits you from afar with a +0 scythe.
Sigmund hits you from afar with a +0 scythe!
You feel better. Sigmund gestures at you while chanting.
The magic dart hits you! Sigmund gestures at you while chanting.
The puff of flame hits you!
Sigmund points at you and mumbles some strange words.
You are confused.
There is an open door here.
You are too injured to fight recklessly!
You are too injured to fight recklessly!
You are too injured to fight recklessly!
You bump into the rock wall.
Sigmund points at you and mumbles some strange words.
You resist with some effort.
You slash Sigmund!
Sigmund is moderately wounded.
Sigmund hits you with a +0 scythe!
* * * LOW HITPOINT WARNING * * *
Sigmund gestures at you while chanting. The puff of flame hits you.
You die...

#############
#<.#..)..#..+
#..)..#..@@.#
#..#####'####
#..# #..#
#..# ####
#..# #⌠⌠#
####


You could see Sigmund.

Vanquished Creatures
  An ogre (D)
  Ijyb (D)
2 creatures vanquished.

Notes
Turn   | Place    | Note
-------+----------+-------------------------------------------
     0 | D        | Zeld the Minotaur Berserker began the quest for the Orb.
     0 | D        | Reached XP level 1. HP: 19/19 MP: 0/0
    10 | D        | Noticed Ijyb
    13 | D        | Killed Ijyb
    14 | D        | Reached skill level 7 in Axes
    14 | D        | Reached XP level 2. HP: 26/26 MP: 1/1
   282 | D        | Noticed an ogre
   288 | D        | Killed an ogre
   289 | D        | Reached skill level 11 in Axes
   289 | D        | Reached XP level 3. HP: 31/31 MP: 2/2
   289 | D        | Reached XP level 4. HP: 39/39 MP: 3/3
   430 | D        | Noticed Sigmund
   442 | D        | Killed from afar by Sigmund

Illustrated notes

Levels and vault maps discovered:
D:        dungeon_sprint_1 [red_sonja_temple_1, red_sonja_temple_small_1]

Skill      XL: |  1  2 |
---------------+-------+-----
Axes           | 7 11 | 11.3
Fighting       | |  3.6
Armour         | |  2.4
Dodging        | |  2.1

Action                   |  1- 3 |  4- 6 || total
-------------------------+-------+-------++-------
Melee: Hand axe          |     7 |     1 ||     8
       Headbutt          |     1 |       ||     1
Invok: Berserk           |     2 |     1 ||     3
  Use: Potion            |       |     2 ||     2
Dodge: Dodged            |     1 |     1 ||     2

Table legend: (Time is in decaauts)
 A = Elapsed time spent in this place.
 B = Non-inter-level travel time spent in this place.
 C = Inter-level travel time spent in this place.
 D = Time resting spent in this place.
 E = Time spent auto-exploring this place.
 F = Levels seen in this place.
 G = Mean time per level.
                   A        B        C        D        E       F      G
               +--------+--------+--------+--------+--------+-----+--------+
         Total |    463 |    463 |      0 |    414 |      0 |   1 |  463.0 |
       Dungeon |    463 |    463 |      0 |    414 |      0 |   1 |  463.0 |
               +--------+--------+--------+--------+--------+-----+--------+

Top non-repeatable levels by time:
       D: 463 daAuts
